 Dungeon Crawl Stone Soup version 0.29-a0-243-g602b31c20e (webtiles) character file.

Game seed: 6888616501038199519

84 bande the Covered (level 4, -6/29 HPs)
             Began as a Gargoyle Fighter on Mar 5, 2022.
             Was an Initiate of Okawaru.
             Mangled by an ogre
             ... wielding a +0 giant club
              (14 damage)
             ... on level 2 of the Dungeon.
             The game lasted 00:02:44 (1622 turns).

bande the Covered (Gargoyle Fighter)                Turns: 1622, Time: 00:02:45

Health: -6/29      AC: 11    Str: 19    XL:     4   Next: 45%
Magic:  4/4        EV:  9    Int:  9    God:    Okawaru [......]
Gold:   104        SH:  4    Dex: 11    Spells: 3/3 levels left

rFire   . . .      SeeInvis .   a - +0 war axe
rCold   . . .      Faith    .   c - +0 buckler
rNeg    + . .      Spirit   .   b - +0 scale mail
rPois   ∞          Reflect  .   (no helmet)
rElec   +          Harm     .   (no cloak)
rCorr   .          Rampage  .   (no gloves)
Will    .....                   f - +0 pair of boots
Stlth   ..........              (no amulet)
HPRegen 0.09/turn               (no ring)
MPRegen 0.09/turn               (no ring)

@: no status effects
A: sickness immunity, AC +3, negative energy resistance 1, electricity
resistance, torment resistance 1, petrification resistance
a: Renounce Religion


You were on level 2 of the Dungeon.
You worshipped Okawaru.
Okawaru was noncommittal.
You visited 1 branch of the dungeon, and saw 3 of its levels.

You collected 104 gold pieces.

Inventory:

Hand Weapons
 a - a +0 war axe (weapon)
Armour
 b - a +0 scale mail (worn)
 c - a +0 buckler (worn)
 f - a +0 pair of boots (worn)
Jewellery
 e - a ring of ice
Scrolls
 h - 2 scrolls of holy word
 i - a scroll of identify
Potions
 d - 2 potions of might
 g - a potion of haste


   Skills:
 + Level 3.8 Fighting
 + Level 2.9 Axes
 + Level 3.9 Armour
 + Level 3.7 Shields
 * Level 0.5 Invocations


You had 3 spell levels left.
You didn't know any spells.
Your spell library was empty.

Dungeon Overview and Level Annotations

Branches:
Dungeon (3/15)

Altars:
Okawaru


Innate Abilities, Weirdness & Mutations

You are immune to sickness and miasma.
Your stone body is resilient. (AC +3)
You are immune to poison.
You resist negative energy. (rN+)
You are resistant to electric shocks. (rElec)
You are resistant to unholy torment.
You are immune to petrification.


Message History

You closely miss the goblin. The goblin hits you but does no damage.
You block the ogre's attack.
You hit the ogre.
The ogre is lightly wounded.
You miss the goblin. The goblin barely misses you. You block the ogre's attack.
The goblin barely misses you.
You hit the ogre.
The ogre is moderately wounded.
You barely miss the goblin.
A frilled lizard comes into view.
You block the goblin's attack. The ogre barely misses you.
The frilled lizard hisses angrily.
You hit the ogre.
The ogre is moderately wounded.
You hit the goblin. You completely miss the scorpion. The scorpion misses you.
The goblin hits you but does no damage. You block the ogre's attack.
You barely miss the goblin.
The goblin is heavily wounded.
You hit the ogre. You barely miss the scorpion. The scorpion stings you.
The goblin hits you but does no damage. The scorpion barely misses you.
The ogre barely misses you. You block the goblin's attack.
Unknown command.
The scorpion barely misses you. You block the ogre's attack.
The scorpion closely misses you.
There is a stone staircase leading up here.
You block the ogre's attack.
You climb upwards.
There is a stone staircase leading down here.
You hit the ogre.
The ogre is heavily wounded.
You block the ogre's attack.
You hit the ogre.
The ogre is severely wounded.
The ogre hits you with a +0 giant club!
Ouch! That really hurt!
* * * LOW HITPOINT WARNING * * *
You hit the ogre.
The ogre is severely wounded.
The ogre hits you with a +0 giant club!
You die...

# # # # # #########
######## #.......#
.......# ##....O@.#
.......###........#
..................#
.......####.......#
.........##########
.##...##.####
............#####
########........#
#...............#


You could see an ogre.

Vanquished Creatures
  Terence (D:2)
  3 adders
  A worm (D:2)
  A dart slug (D:1)
  An endoplasm (D:1)
  A giant cockroach (D:1)
  2 goblins
  4 hobgoblins
  2 kobolds (D:1)
  A quokka (D:2)
  4 ball pythons
  5 bats
  4 frilled lizards
  2 rats
32 creatures vanquished.

Notes
Turn   | Place    | Note
-------+----------+-------------------------------------------
     0 | D:1      | bande the Gargoyle Fighter began the quest for the Orb.
     0 | D:1      | Reached XP level 1. HP: 14/14 MP: 1/1
   160 | D:1      | Reached XP level 2. HP: 19/19 MP: 2/2
   808 | D:2      | Reached XP level 3. HP: 14/24 MP: 3/3
  1229 | D:2      | Found an iron altar of Okawaru.
  1247 | D:2      | Became a worshipper of Warmaster Okawaru
  1264 | D:2      | Noticed Terence
  1307 | D:2      | Killed Terence
  1308 | D:2      | Reached XP level 4. HP: 23/29 MP: 4/4
  1494 | D:2      | Found a faded altar of an unknown god.
  1598 | D:3      | Noticed an ogre
  1600 | D:3      | Noticed a scorpion
  1622 | D:2      | Mangled by an ogre

Illustrated notes

Levels and vault maps discovered:
D:1:      dpeg_arrival_simpleton_b, layout_loops_ring
D:2:      layout_rooms, basic_altar, shapermc_ecumenical_altar_acropolis,
          supply_closet_lemuel, fountainhead, uniq_terence
D:3:      layout_loops_ring

Skill      XL: |  1  2 |
---------------+-------+-----
Axes           | 2 |  2.9
Fighting       | |  3.8
Armour         | |  3.9
Shields        | |  3.7
Invocations    | |  0.5

Action                   |  1- 3 |  4- 6 || total
-------------------------+-------+-------++-------
Melee: War axe           |   109 |    17 ||   126
  Use: Scroll            |     4 |       ||     4
Armor: Scale mail        |    65 |     9 ||    74
Dodge: Dodged            |    63 |    12 ||    75
Block: Buckler           |    30 |    10 ||    40

Table legend: (Time is in decaauts)
 A = Elapsed time spent in this place.
 B = Non-inter-level travel time spent in this place.
 C = Inter-level travel time spent in this place.
 D = Time resting spent in this place.
 E = Time spent auto-exploring this place.
 F = Levels seen in this place.
 G = Mean time per level.
                   A        B        C        D        E       F      G
               +--------+--------+--------+--------+--------+-----+--------+
         Total |   1676 |   1623 |     53 |    219 |    989 |   3 |  558.7 |
       Dungeon |   1676 |   1623 |     53 |    219 |    989 |   3 |  558.7 |
               +--------+--------+--------+--------+--------+-----+--------+

Top non-repeatable levels by time:
     D:2: 831 daAuts
     D:1: 805 daAuts
     D:3: 39 daAuts
